 Dungeon Crawl Stone Soup version 0.27-a0-1312-g5cdb2b3542 (webtiles) character file.

Game seed: 1641863014078287426

31 Demosthentine the Poker (level 3, -7/28 HPs)
             Began as a Merfolk Gladiator on June 20, 2021.
             Mangled by a gnoll (11 damage)
             ... on level 1 of the Dungeon.
             The game lasted 00:00:40 (1476 turns).

Demosthentine the Poker (Merfolk Gladiator)         Turns: 1476, Time: 00:00:40

Health: -7/28      AC:  4    Str: 15    XL:     3   Next: 22%
Magic:  3/3        EV: 13    Int:  7    God:
Gold:   121        SH:  0    Dex: 15    Spells: 2/2 levels left

rFire    . . .     SeeInvis .   a - +0 trident
rCold    . . .     Faith    .   (no shield)
rNeg     . . .     Spirit   .   b - +0 leather armour
rPois    .         Reflect  .   c - +0 helmet
rElec    .         Harm     .   (no cloak)
rCorr    .         Rampage  .   (no gloves)
Will     .....                  (no boots)
Stlth    +.........             (no amulet)
HPRegen  0.09/turn              (no ring)
MPRegen  0.08/turn              (no ring)

@: no status effects
A: (nimble swimmer 2), mertail
a: no special abilities


You were on level 1 of the Dungeon.
You visited 1 branch of the dungeon, and saw 2 of its levels.

You collected 121 gold pieces.

Inventory:

Hand Weapons
 a - a +0 trident (weapon)
Missiles
 d - 3 throwing nets (quivered)
Armour
 b - a +0 leather armour (worn)
 c - a +0 helmet (worn)


   Skills:
 + Level 2.6 Fighting
 + Level 4.9 Polearms
 - Level 2.0 Throwing
 + Level 0.8 Armour
 + Level 4.5 Dodging


You had 2 spell levels left.
You didn't know any spells.
Your spell library was empty.

Dungeon Overview and Level Annotations

Branches:
Dungeon (2/15)

Altars:


Innate Abilities, Weirdness & Mutations

((You are quick and stealthy near water. (Stealth+, EV+, Speed+++)))
Your lower body shifts to a powerful aquatic tail in water.


Message History

Aim: a gnoll, wielding a +0 halberd (heavily wounded, about 36% to evade your +0 trident)
You reach to attack!
You closely miss the gnoll.
The gnoll is heavily wounded.
The gnoll barely misses you.
Reach: a) +0 trident
Press: ? - help, Dir - move target, f/p - gnoll
Aim: a gnoll, wielding a +0 halberd (heavily wounded, about 36% to evade your +0 trident)
You reach to attack!
You hit the gnoll but do no damage.
The gnoll is heavily wounded.
The gnoll closely misses you.
Reach: a) +0 trident
Press: ? - help, Dir - move target, f/p - gnoll
Aim: a gnoll, wielding a +0 halberd (heavily wounded, about 36% to evade your +0 trident)
You reach to attack!
You hit the gnoll.
The gnoll is almost dead.
The gnoll hits you from afar with a +0 halberd!
* * * LOW HITPOINT WARNING * * *
There is a stone staircase leading up here.
The gnoll closely misses you.
You climb upwards.
There is a stone staircase leading down here.
HP restored.
Done exploring.
You climb downwards.
The gnoll hits you from afar with a +0 halberd!
The gnoll hits you with a +0 flail!
There is a stone staircase leading up, spattered with blood here.
The gnoll misses you.
You climb upwards.
There is a stone staircase leading down here.
Unknown command.
You barely miss the gnoll. The gnoll hits you with a +0 flail.
* * * LOW HITPOINT WARNING * * *
You hit the gnoll.
The gnoll is lightly wounded.
The gnoll closely misses you.
You hit the gnoll.
The gnoll is heavily wounded.
The gnoll hits you with a +0 flail!
You die...

##...#......# #.......###.P.P
#.###.......#######.#####.#
#..P# ..# #...............#
#.# ###.#
#.###.......######..#
#.####### ##...#......# #..#
#........ ##########.#
#..#####.####... #.#
###........# ##.#. #.#
#.g.###.######.#.. #.#
#@####........###. #.# #.#
##.######.#.. #.# #.# ###
#####.#. #.# #.# #.....#> ###
#.####.#########)#####. ..##
#................(# #.
...########.####.#########..#
## .........##.#
#.#########..# ##'#####....#
#.##.....†...#


You could see a gnoll.

Vanquished Creatures
  2 dart slugs (D:1)
  2 bats (D:1)
  An endoplasm (D:1)
  4 goblins (D:1)
  2 hobgoblins (D:1)
  2 jackals (D:1)
  2 kobolds (D:1)
  A quokka (D:1)
  9 frilled lizards (D:1)
  A rat (D:2)
26 creatures vanquished.

Vanquished Creatures (others)
  2 plants (D:1)
2 creatures vanquished.

Grand Total: 28 creatures vanquished

Notes
Turn   | Place    | Note
-------+----------+-------------------------------------------
     0 | D:1      | Demosthentine the Merfolk Gladiator began the quest for the
                  | Orb.
     0 | D:1      | Reached XP level 1. HP: 16/16 MP: 1/1
   120 | D:1      | Reached XP level 2. HP: 23/23 MP: 2/2
   737 | D:1      | Reached XP level 3. HP: 28/28 MP: 3/3
  1175 | D:2      | HP: 1/28 [gnoll (11)]
  1476 | D:1      | Mangled by a gnoll

Illustrated notes

Levels and vault maps discovered:
D:1:      beargit_arrival_greenhouse, layout_loops_ring, minmay_lizard_king
D:2:      layout_rooms, serial_corexii_hall, corexii_hall_statues_l,
          chequers_hall_statues_corner_a, chequers_hall_statues_corner_a,
          corexii_hall_statues_l, corexii_hall_statues_l,
          chequers_hall_statues_wall_a, minmay_box_of_dots

Action                   || total
-------------------------++-------
Melee: Trident           ||   100
  Use: Scroll            ||     1
 Stab: Sleeping          ||     2
Armor: Leather armour    ||    19
Dodge: Dodged            ||    47

Table legend: (Time is in decaauts)
 A = Elapsed time spent in this place.
 B = Non-inter-level travel time spent in this place.
 C = Inter-level travel time spent in this place.
 D = Time resting spent in this place.
 E = Time spent auto-exploring this place.
 F = Levels seen in this place.
 G = Mean time per level.
                   A        B        C        D        E       F      G
               +--------+--------+--------+--------+--------+-----+--------+
         Total |   1483 |   1447 |     36 |      0 |   1260 |   2 |  741.5 |
       Dungeon |   1483 |   1447 |     36 |      0 |   1260 |   2 |  741.5 |
               +--------+--------+--------+--------+--------+-----+--------+

Top non-repeatable levels by time:
     D:1: 1421 daAuts
     D:2: 61 daAuts
